 Dungeon Crawl Stone Soup version 0.29.1-15-g9cfb28693d (webtiles) character file.

Game seed: 7596706579581886067

112 lolko the Conjurer (level 4, -7/24 HPs)
             Began as a Deep Elf Conjurer on Feb 22, 2023.
             Shot with an arrow by a centaur (8 damage)
             ... on level 4 of the Dungeon.
             The game lasted 00:03:17 (2385 turns).

lolko the Conjurer (Deep Elf Conjurer)              Turns: 2385, Time: 00:03:17

Health: -7/24      AC:  4    Str:  4    XL:     4   Next: 64%
Magic:  13/13      EV: 12    Int: 25    God:
Gold:   165        SH:  0    Dex: 13    Spells: 10/13 levels left

rFire   . . .      SeeInvis +   d - +0 quarterstaff
rCold   . . .      Faith    .   (shield currently unavailable)
rNeg    . . .      Spirit   .   a - +0 robe
rPois   .          Reflect  .   (no helmet)
rElec   +          Harm     .   (no cloak)
rCorr   .          Rampage  .   (no gloves)
Will    .....                   n - +1 pair of boots "Alueck" {rElec SInv}
Stlth   ++........              (no amulet)
HPRegen 0.08/turn               (no ring)
MPRegen 0.13/turn               (no ring)

@: no status effects
A: no striking features
a: no special abilities


You were on level 4 of the Dungeon.
You visited 1 branch of the dungeon, and saw 4 of its levels.

You collected 165 gold pieces.

Inventory:

Hand Weapons
 d - a +0 quarterstaff (weapon)
Missiles
 f - 2 poisoned darts
Armour
 a - a +0 robe (worn)
 n - the +1 pair of boots "Alueck" (worn) {rElec SInv}
   (You found it on level 3 of the Dungeon)

   rElec:     It insulates you from electricity.
   SInv:      It lets you see invisible.
Magical Staves
 q - a staff of fire
Wands
 h - a wand of flame (13)
Scrolls
 e - 2 scrolls of enchant weapon {unknown}
 k - 2 scrolls of identify {unknown}
 l - 3 scrolls of blinking {unknown}
 m - a scroll of summoning {unknown}
 o - a scroll of teleportation {unknown}
 p - a scroll of fear {unknown}
Potions
 b - a potion of magic
 c - 2 potions of curing {unknown}
 g - 2 potions of resistance {unknown}
 i - a potion of lignification {unknown}
 j - a potion of berserk rage {unknown}


   Skills:
 - Level 2.4 Dodging
 - Level 2.4 Stealth
 + Level 5.1 Spellcasting
 + Level 5.7 Conjurations


You had 10 spell levels left.
You knew the following spells:

 Your Spells              Type           Power      Damage    Failure   Level
a - Magic Dart            Conj           100%       1d8       1%          1
b - Searing Ray           Conj           68%        2d6       1%          2

Your spell library contained the following spells:

 Spells                   Type           Power      Damage    Failure   Level
 Dazzling Flash           Conj/Hex       40%        N/A       8%          3
 Fulminant Prism          Conj/Hex       10%        3d9       26%         4
 Iskenderun's Mystic Bla  Conj/Tloc      20%        2d6       26%         4


Dungeon Overview and Level Annotations

Branches:
Dungeon (4/15)
 Temple: D:4-7

Altars:
Okawaru
Uskayaw


Message History

The orc is almost dead.
The magic dart hits the orc.
You kill the orc!
There is a stone staircase leading up here.
A frilled lizard comes into view.
A frilled lizard is nearby!
The magic dart hits the frilled lizard!
You kill the frilled lizard!
You can't see any susceptible monsters within range! (Use Z to cast anyway.)
You can't see any susceptible monsters within range! (Use Z to cast anyway.)
You see here a frilled lizard corpse.
There is an escape hatch in the floor here.
Done exploring.
Done exploring.
Done exploring.
Done exploring.
Done exploring.
There is a stone staircase leading down here.
You climb downwards.
Found 17 gold pieces.
There is a stone staircase leading up here.
You now have 165 gold pieces (gained 17).
Found a spear.
p - a scroll labelled GIMUMY BEEN
Found a stone staircase leading down.
You see here a staff of fire.
q - a staff of fire A centaur comes into view.
The centaur shouts!
The centaur wields a +0 shortbow.
The centaur shoots an arrow.
The arrow closely misses you.
You see here a fuming cyan potion.
g - 2 fuming cyan potions (gained 1)
The centaur shoots an arrow.
The arrow hits you!
The centaur shoots an arrow.
The arrow hits you!
Ouch! That really hurt!
* * * LOW HITPOINT WARNING * * *
There is a stone staircase leading down here.
The centaur shoots an arrow.
The arrow hits you!
You die...

#. ..##... #.....# #.#
#.#..# ###.### ...#
#....# #.# . #.#.
#..#########.# .. #.c
##............#
...##.##...#..########
.!.................#
........####..##....
........@...).# #.#
.....#.##.##.## .
....... ..... .....#.
.#### ...##.. .. .##
.. .. #.. ... #.. ...


You could see a centaur.

Vanquished Creatures
  An orc wizard (D:3)
  4 gnolls (D:3)
  2 orcs (D:3)
  7 ball pythons
  2 bats (D:3)
  2 endoplasms (D:3)
  A giant cockroach (D:3)
  A goblin (D:2)
  7 hobgoblins
  4 kobolds
  A quokka (D:1)
  5 frilled lizards
  13 rats
50 creatures vanquished.

Notes
Turn   | Place    | Note
-------+----------+-------------------------------------------
     0 | D:1      | lolko the Deep Elf Conjurer began the quest for the Orb.
     0 | D:1      | Reached XP level 1. HP: 10/10 MP: 6/6
   193 | D:1      | Noticed an eye of devastation
   195 | D:1      | Found a faded altar of an unknown god.
   199 | D:1      | Noticed a great orb of eyes
   199 | D:1      | Noticed a golden eye
   199 | D:1      | Noticed an eye of devastation
   255 | D:1      | Reached XP level 2. HP: 15/15 MP: 6/8
   892 | D:2      | Reached skill level 5 in Conjurations
  1065 | D:2      | Reached XP level 3. HP: 19/19 MP: 7/10
  1278 | D:2      | Learned a level 2 spell: Searing Ray
  1283 | D:3      | Identified the +1 pair of boots "Alueck" {rElec SInv}
  1358 | D:3      | Found a faded altar of an unknown god.
  1403 | D:3      | Found a hide-covered altar of Uskayaw.
  1545 | D:3      | Reached XP level 4. HP: 14/24 MP: 7/12
  1757 | D:3      | Found an iron altar of Okawaru.
  2064 | D:3      | Reached skill level 5 in Spellcasting
  2382 | D:4      | Noticed a centaur
  2383 | D:4      | HP: 1/24 [centaur/arrow (13)]
  2385 | D:4      | Shot with an arrow by a centaur

Illustrated notes

Levels and vault maps discovered:
D:1:      scummos_arrival_checkerplants, layout_rooms,
          hellmonk_ecumenical_altar_watching_god, chequers_serial_rivers_small_3
D:2:      layout_basic, chequers_mini_garden, kennysheep_generic_room_9
D:3:      layout_loops_cross, old_standard_altar,
          nicolae_overflow_ecumenical_swirl, eat_drink_and_be_merry_uskayaw
D:4:      layout_loops_cross, temple_green, serial_shops, shop,
          minmay_manual_mares, uniq_pikel, uniq_crazy_yiuf_cottage, uniq_grinder

Skill      XL: |  1  2  3  4 |
---------------+-------------+-----
Conjurations   | 5 |  5.7
Spellcasting   | 4 5 |  5.1
Dodging        | |  2.4
Stealth        | |  2.4

Action                   |  1- 3 |  4- 6 || total
-------------------------+-------+-------++-------
 Cast: Magic Dart        |    64 |    22 ||    86
       Searing Ray       |       |     1 ||     1
Dodge: Dodged            |     2 |     1 ||     3
